 Dungeon Crawl Stone Soup version 0.29-a0-341-g24ffce5b50 (webtiles) character file.

Game seed: 1161594495223486798

218 enile the Skirmisher (level 5, -7/33 HPs)
             Began as a Gargoyle Earth Elementalist on Apr 21, 2022.
             Was a Believer of Okawaru.
             Mangled by Duvessa
             ... wielding a +1 rapier of speed
              (18 damage)
             ... on level 4 of the Dungeon.
             The game lasted 00:06:28 (3996 turns).

enile the Skirmisher (Gargoyle Earth Elementalist)  Turns: 3996, Time: 00:06:28

Health: -7/33      AC:  6    Str: 12    XL:     5   Next: 95%
Magic:  6/8        EV: 14    Int: 17    God:    Okawaru [**....]
Gold:   161        SH:  0    Dex: 10    Spells: 2/8 levels left

rFire   x . .      SeeInvis .   q - +2 spear (vorpal)
rCold   + . .      Faith    .   (no shield)
rNeg    + . .      Spirit   .   b - +0 robe
rPois   ∞          Reflect  .   (no helmet)
rElec   +          Harm     .   (no cloak)
rCorr   .          Rampage  .   (no gloves)
Will    .....                   (no boots)
Stlth   +++.......              (no amulet)
HPRegen 0.11/turn               l - ring of ice
MPRegen 0.11/turn               (no ring)

@: about to teleport, heroic
A: sickness immunity, AC +4, negative energy resistance 1, electricity
resistance, torment resistance 1, petrification resistance
a: Renounce Religion, Heroism


You were on level 4 of the Dungeon.
You worshipped Okawaru.
Okawaru was pleased with you.
You visited 1 branch of the dungeon, and saw 4 of its levels.

You collected 161 gold pieces.

Inventory:

Hand Weapons
 d - a +0 spear
 o - a +0 halberd
 q - a +2 vorpal spear (weapon)
Missiles
 a - 133 stones
Armour
 b - a +0 robe (worn)
Jewellery
 l - a ring of ice (left hand)
Scrolls
 h - 2 scrolls of teleportation
 j - a scroll of amnesia
 k - 2 scrolls of fear (quivered)
 n - a scroll of summoning
 p - 3 scrolls of noise
 s - a scroll of magic mapping
 t - a scroll of vulnerability
 u - a scroll of blinking {unknown}
 v - a scroll of enchant armour {unknown}
 z - a scroll of fog {unknown}
Potions
 c - a potion of magic
 e - 3 potions of flight {unknown}
 f - a potion of berserk rage {unknown}
 g - a potion of haste {unknown}
 i - 2 potions of lignification {unknown}
 m - a potion of heal wounds {unknown}
 w - a potion of degeneration {unknown}
 x - a potion of curing {unknown}
Miscellaneous
 r - a piece from Xom's chessboard (15/15)


   Skills:
 + Level 3.7(8.7) Fighting
 - Level 3.0(8.0) Dodging
 - Level 2.1(7.1) Stealth
 - Level 2.0 Spellcasting
 - Level 0.7 Transmutations
 - Level 3.6 Earth Magic
 - Level 3.0 Invocations


You had 2 spell levels left.
You knew the following spells:

 Your Spells              Type           Power      Damage    Failure   Level
a - Sandblast             Erth           28%        2d8       4%          1
b - Passwall              Tmut/Erth      7%         N/A       12%         2
c - Stone Arrow           Conj/Erth      14%        3d7       28%         3

Your spell library contained the following spells:

 Spells                   Type           Power      Damage    Failure   Level
 Magic Dart               Conj           4%         1d3       19%         1
 Corpse Rot               Necr/Air       2%         N/A       28%         2
 Poisonous Vapours        Pois/Air       2%         N/A       28%         2
 Mephitic Cloud           Conj/Pois/Air  1%         N/A       50%         3
 Portal Projectile        Hex/Tloc       2%         N/A       50%         3
 Petrify                  Tmut/Erth      9%         N/A       61%         4
 Blade Hands              Tmut           2%         N/A       99%         5
 Excruciating Wounds      Necr           0%         N/A       99%         5
 Call Imp                 Summ           Unusable   N/A       N/A         2

Dungeon Overview and Level Annotations

Branches:
Dungeon (4/15)
 Temple: D:4-7

Altars:
Okawaru
Wu Jian
Xom

Annotations:
D:4 Duvessa


Innate Abilities, Weirdness & Mutations

You are immune to sickness and miasma.
Your stone body is resilient. (AC +4)
You are immune to poison.
You resist negative energy. (rN+)
You are resistant to electric shocks. (rElec)
You are resistant to unholy torment.
You are immune to petrification.


Message History

Your Invocations skill increases to level 3!
You need to enable at least one skill for training.
Things that are here:
a +0 dagger; a +0 robe You are no longer glowing.
There is an open door here.
You open the door.
Key pressed, stopping explore.
You open the door.
There is an open door here.
Duvessa is nearby!
Duvessa is nearby!
Duvessa goes berserk!
Duvessa is nearby!
As you read the scroll of identify, it crumbles to dust.
t - a scroll of vulnerability Duvessa barely misses you.
Duvessa hits you with a +1 rapier of speed!!
Ouch! That really hurt!
You can't see any enemies this would affect, really read the scroll of fear? [Y]es or [N]o only, please.
You can't see any enemies this would affect, really read the scroll of fear?
Okay, then.
You can't see any enemies this would affect, really read the scroll of fear?
Okay, then.
Okay, then.
Press: ? - help, v - describe, . - travel
Here: Duvessa, wielding a +1 rapier of speed and wearing a +0 leather armour (berserk)
The floor.
Okay, then.
You gain the combat prowess of a mighty hero.
Duvessa closely misses you. Duvessa misses you.
Press: ? - help, v - describe, . - travel
Here: Duvessa, wielding a +1 rapier of speed and wearing a +0 leather armour (berserk)
The floor.
As you read the scroll of teleportation, it crumbles to dust.
You feel strangely unstable. Duvessa barely misses you. Duvessa misses you.
Duvessa hits you with a +1 rapier of speed!!
Ouch! That really hurt!
You die...

####.#<##.........#.........
........+.........#.........
#...##.........#.........
#.#............'.........
..#######.#.############.........
.......................'.........
..#######.#..####.######..)......
........).#...###..#####.).......
......#####.#..e@................
......# #.#..##'#####..........
.<....#####+#..#...#88#.####.####
......##.......#...'..#.####+## #
#+#.#.##.......#...####.......# #
#.#.##.......#...'..#.......# #
#.#.##.....).#⌠8⌠#.##.......# #
#.#.##.......########.......# #
#.#.##......................###


You could see Duvessa (berserk).

Vanquished Creatures
  Dowan (D:4)
  Jessica (D:2)
  4 gnolls
  4 adders
  A worm (D:2)
  A dart slug (D:1)
  2 orcs (D:4)
  7 ball pythons
  8 bats
  5 endoplasms
  A giant cockroach (D:3)
  7 goblins
  6 hobgoblins
  3 quokkas
  5 frilled lizards
  8 kobolds
  2 rats
66 creatures vanquished.

Notes
Turn   | Place    | Note
-------+----------+-------------------------------------------
     0 | D:1      | enile the Gargoyle Earth Elementalist began the quest for
                  | the Orb.
     0 | D:1      | Reached XP level 1. HP: 10/10 MP: 3/3
   109 | D:1      | Reached XP level 2. HP: 8/17 MP: 0/5
   607 | D:1      | Reached XP level 3. HP: 13/22 MP: 4/6
  1244 | D:1      | Found a faded altar of an unknown god.
  1322 | D:1      | Prayed at the altar of an unknown god.
  1322 | D:1      | Became a worshipper of Warmaster Okawaru
  1322 | D:1      | Reached * piety under Okawaru
  1698 | D:2      | Reached XP level 4. HP: 28/28 MP: 2/7
  1797 | D:2      | Noticed Jessica
  1802 | D:2      | Killed Jessica
  2143 | D:2      | Learned a level 2 spell: Passwall
  2147 | D:2      | Learned a level 3 spell: Stone Arrow
  2162 | D:2      | Reached skill level 1 in Invocations
  2237 | D:2      | Reached XP level 5. HP: 19/32 MP: 5/8
  2661 | D:3      | Found a shimmering altar of Xom.
  2834 | D:3      | Found an ornate altar of the Wu Jian Council.
  3822 | D:4      | Noticed Duvessa
  3822 | D:4      | Noticed Dowan
  3845 | D:4      | Killed Dowan
  3845 | D:4      | Reached ** piety under Okawaru
  3996 | D:4      | Mangled by Duvessa

Illustrated notes

Levels and vault maps discovered:
D:1:      minmay_arrival_shattered_statue, layout_loops_ring,
          hellmonk_ecumenical_altar_inner_sanctum, minmay_misc_feat_hallway
D:2:      layout_loops_ring, hangedman_feature_mirror, uniq_jessica
D:3:      layout_basic, nicolae_wu_jian_wuxing_cycle, xom_butterflies,
          grunt_decor_fettered
D:4:      dreamdust_elfheim, layout_basic, serial_corexii_hall,
          corexii_hall_statues_u, corexii_hall_statues_x

Skill      XL: |  1  2  3  4  5 |
---------------+----------------+-----
Fighting       | 2 3 |  3.7
Dodging        | 2 3 |  3.0
Invocations    | 1 3 |  3.0
Stealth        | |  2.1
Spellcasting   | |  2.0
Transmutations | |  0.7
Earth Magic    | |  3.6

Action                   |  1- 3 |  4- 6 || total
-------------------------+-------+-------++-------
Melee: Spear             |    71 |    58 ||   129
       Halberd           |       |     5 ||     5
 Cast: Sandblast         |    31 |    29 ||    60
Invok: Heroism           |       |     1 ||     1
  Use: Scroll            |       |     9 ||     9
 Stab: Sleeping          |     5 |     3 ||     8
Armor: Robe              |    25 |    18 ||    43
Dodge: Dodged            |    35 |    35 ||    70

Table legend: (Time is in decaauts)
 A = Elapsed time spent in this place.
 B = Non-inter-level travel time spent in this place.
 C = Inter-level travel time spent in this place.
 D = Time resting spent in this place.
 E = Time spent auto-exploring this place.
 F = Levels seen in this place.
 G = Mean time per level.
                   A        B        C        D        E       F      G
               +--------+--------+--------+--------+--------+-----+--------+
         Total |   4009 |   3939 |     70 |    118 |   3270 |   4 | 1002.2 |
       Dungeon |   4009 |   3939 |     70 |    118 |   3270 |   4 | 1002.2 |
               +--------+--------+--------+--------+--------+-----+--------+

Top non-repeatable levels by time:
     D:1: 1462 daAuts
     D:2: 1174 daAuts
     D:3: 763 daAuts
     D:4: 610 daAuts
